EL
SAN ANTONIO MISSIONS @ MISSISSIPPI BRAVES
08/19/2049
 
TOP OF THE 1ST
San Antonio Missions batting - Pitching for Mississippi Braves : LHP Fred Kelly
Pitching: LHP Fred Kelly
Batting: RHB Niek de Haan 0-0: Ball
1-0: Ball
2-0: Ball
3-0: Called Strike
3-1: Base on Balls
Batting: RHB Chase Briney 0-0: Foul Ball, location: 2F
0-1: Swinging Strike
0-2: Strikes out looking
Batting: RHB Eric Sandell 0-0: Ball
1-0: Called Strike
1-1: Foul Ball, location: 2F
1-2: SINGLE (Line Drive, 6D, EV 98.1 MPH)
Niek de Haan to second
Niek de Haan to third
Batting: RHB Caleb Russell 0-0: Called Strike
0-1: Called Strike
0-2: Foul Ball, location: 2F
0-2: Ball
1-2: Fly out, F7 (Flyball, 7D, EV 105.0 MPH)
Runner from 3rd tags up, SCORES, no throw by LF
Batting: LHB Pat Aviles 0-0: Called Strike
0-1: Ball
1-1: Foul Ball, location: 2F
1-2: Strikes out swinging
Top of the 1st over - 1 run, 1 hit, 0 errors, 1 left on base; San Antonio 1 - Mississippi 0
BOTTOM OF THE 1ST
Mississippi Braves batting - Pitching for San Antonio Missions : RHP Mike Stover
Pitching: RHP Mike Stover
Batting: RHB Zheng-ze King 0-0: Ball
1-0: DOUBLE (Line Drive, 8LXD, EV 98.8 MPH)
Batting: LHB Ricardo Sandoval 0-0: Called Strike
0-1: Ball
1-1: Ball
2-1: Foul Ball, location: 2F
2-2: Strikes out swinging
Batting: LHB Art D'Ascenzo 0-0: Foul Ball, location: 2F
0-1: Ball
1-1: SINGLE (Line Drive, 7S, EV 111.2 MPH)
Zheng-ze King to third
Runner from 3rd tries for Home, SAFE, throw by LF to home
Batting: RHB Luis Restrepo 0-0: Ball
1-0: Ball
2-0: Called Strike
2-1: DOUBLE (Groundball, 5L, EV 102.5 MPH)
Art D'Ascenzo to third
Batting: RHB Eddie McCoy 0-0: Foul Ball, location: 2F
0-1: Ball
1-1: Fly out, F8 (Line Drive, 8RM, EV 95.6 MPH)
Batting: LHB Sal Fernandez 0-0: Called Strike
0-1: Foul Ball, location: 2F
0-2: SINGLE (Groundball, 6D, EV 98.1 MPH)
Art D'Ascenzo scores
Luis Restrepo to third
Runner from 3rd tries for Home, throw by CF and OUT! 8-2
Bottom of the 1st over - 2 runs, 4 hits, 0 errors, 1 left on base; San Antonio 1 - Mississippi 2
TOP OF THE 2ND
San Antonio Missions batting - Pitching for Mississippi Braves : LHP Fred Kelly
Batting: RHB Jesse White 0-0: Ball
1-0: Ball
2-0: Called Strike
2-1: Foul Ball, location: 2F
2-2: Foul Ball, location: 2F
2-2: Ground out 3-1 (Groundball, 34S, EV 89.4 MPH)
Batting: RHB Bryan Pitcher 0-0: Ball
1-0: SINGLE (Groundball, 56D, EV 97.5 MPH)
Batting: RHB Jaden Scott 0-0: Called Strike
0-1: DOUBLE (Line Drive, 7LM, EV 111.9 MPH)
Bryan Pitcher to third
Batting: RHB Eric Erickson 0-0: Foul Ball, location: 2F
0-1: Called Strike
0-2: Ball
1-2: Strikes out looking
Batting: RHB Niek de Haan 0-0: SINGLE (Groundball, 56D, EV 109.4 MPH)
Bryan Pitcher scores
Jaden Scott to third
Runner from 3rd tries for Home, SAFE, throw by LF to home
Batting: RHB Chase Briney 0-0: Called Strike
0-1: Foul Ball, location: 2F
0-2: Foul Ball, location: 2F
0-2: Ball
1-2: Ball
2-2: Ball
3-2: Fly out, F9 (Flyball, 89M, EV 91.2 MPH)
Top of the 2nd over - 2 runs, 3 hits, 0 errors, 1 left on base; San Antonio 3 - Mississippi 2
BOTTOM OF THE 2ND
Mississippi Braves batting - Pitching for San Antonio Missions : RHP Mike Stover
Batting: RHB Hieronim Rutkowski 0-0: Called Strike
0-1: Ball
1-1: Foul Ball, location: 2F
1-2: Ball
2-2: Strikes out swinging
Batting: SHB Jose Melendez 0-0: Called Strike
0-1: Foul Ball, location: 2F
0-2: Reached on error, E1 (Groundball, 34S, EV 70.0 MPH)
Batting: RHB Costantino Dolfini 0-0: Ball
1-0: Foul Ball, location: 2F
1-1: Called Strike
1-2: Ball
2-2: Ball
3-2: Fly out, F9 (Flyball, 9S, EV 90.0 MPH)
Batting: RHB Zheng-ze King 0-0: Foul Ball, location: 2F
0-1: Swinging Strike
0-2: Ball
1-2: Ball
2-2: Foul Ball, location: 2F
2-2: Ball
3-2: Foul Ball, location: 2F
3-2: Strikes out swinging
Bottom of the 2nd over - 0 runs, 0 hits, 1 error, 1 left on base; San Antonio 3 - Mississippi 2
TOP OF THE 3RD
San Antonio Missions batting - Pitching for Mississippi Braves : LHP Fred Kelly
Batting: RHB Eric Sandell 0-0: Ball
1-0: Ball
2-0: Ground out 4-3 (Groundball, 34, EV 104.4 MPH)
Batting: RHB Caleb Russell 0-0: Swinging Strike
0-1: Ball
1-1: Foul Ball, location: 2F
1-2: Fly out, F8 (Flyball, 8RD, EV 96.2 MPH)
Batting: LHB Pat Aviles 0-0: Called Strike
0-1: Hit by Pitch
Batting: RHB Jesse White 0-0: Foul Ball, location: 2F
0-1: Ball
1-1: Ball
2-1: Ball
3-1: Called Strike
3-2: Ground out 5-3 (Groundball, 56, EV 84.4 MPH)
Top of the 3rd over - 0 runs, 0 hits, 0 errors, 1 left on base; San Antonio 3 - Mississippi 2
BOTTOM OF THE 3RD
Mississippi Braves batting - Pitching for San Antonio Missions : RHP Mike Stover
Batting: LHB Ricardo Sandoval 0-0: Called Strike
0-1: Foul Ball, location: 2F
0-2: Ball
1-2: Ball
2-2: Ball
3-2: Foul Ball, location: 2F
3-2: SINGLE (Groundball, 56D, EV 105.0 MPH)
Batting: LHB Art D'Ascenzo 0-0: Ball
Ricardo Sandoval steals 2nd base
1-0: Ball
Wild Pitch!
Ricardo Sandoval to third
2-0: Called Strike
2-1: Called Strike
2-2: Ground out 4-3 (Groundball, 4, EV 90.0 MPH)
Ricardo Sandoval scores
Batting: RHB Luis Restrepo 0-0: Ball
1-0: Called Strike
1-1: Swinging Strike
1-2: Strikes out swinging
Batting: RHB Eddie McCoy 0-0: Ball
1-0: Ball
2-0: Foul Ball, location: 2F
2-1: Foul Ball, location: 2F
2-2: Strikes out swinging
Bottom of the 3rd over - 1 run, 1 hit, 0 errors, 0 left on base; San Antonio 3 - Mississippi 3
TOP OF THE 4TH
San Antonio Missions batting - Pitching for Mississippi Braves : LHP Fred Kelly
Batting: RHB Bryan Pitcher 0-0: Fly out, F8 (Flyball, 8LD, EV 101.9 MPH)
Batting: RHB Jaden Scott 0-0: Ball
1-0: Fly out, F2 (Popup, 3SF, EV 83.8 MPH)
Batting: RHB Eric Erickson 0-0: Swinging Strike
0-1: Ground out 5-3 (Groundball, 5, EV 88.8 MPH)
Top of the 4th over - 0 runs, 0 hits, 0 errors, 0 left on base; San Antonio 3 - Mississippi 3
BOTTOM OF THE 4TH
Mississippi Braves batting - Pitching for San Antonio Missions : RHP Mike Stover
Batting: LHB Sal Fernandez 0-0: Swinging Strike
0-1: SINGLE (Groundball, 4MD, EV 103.8 MPH)
Batting: RHB Hieronim Rutkowski 0-0: Ball
Sal Fernandez steals 2nd base
1-0: Foul Ball, location: 2F
1-1: Called Strike
1-2: Ball
2-2: Foul Ball, location: 2F
2-2: Ball
3-2: Ground out 1-3 (Groundball, 13S, EV 65.6 MPH)
Sal Fernandez to third
Batting: SHB Jose Melendez 0-0: Foul Ball, location: 2F
0-1: Ball
1-1: Ball
2-1: Foul Ball, location: 2F
2-2: Strikes out swinging
Batting: RHB Costantino Dolfini 0-0: Foul Ball, location: 2F
0-1: Swinging Strike
0-2: Strikes out swinging
Bottom of the 4th over - 0 runs, 1 hit, 0 errors, 1 left on base; San Antonio 3 - Mississippi 3
TOP OF THE 5TH
San Antonio Missions batting - Pitching for Mississippi Braves : LHP Fred Kelly
Batting: RHB Niek de Haan 0-0: Foul Ball, location: 2F
0-1: Foul Ball, location: 2F
0-2: Ball
1-2: Ball
2-2: Strikes out swinging
Batting: RHB Chase Briney 0-0: SINGLE (Line Drive, 4D, EV 95.0 MPH)
Batting: RHB Eric Sandell 0-0: Called Strike
0-1: Ball
1-1: Foul Ball, location: 2F
1-2: Ball
2-2: Foul Ball, location: 2F
2-2: Foul Ball, location: 2F
2-2: Foul Ball, location: 2F
2-2: Grounds into double play, 6-4-3 (Groundball, 6, EV 85.6 MPH)
Top of the 5th over - 0 runs, 1 hit, 0 errors, 0 left on base; San Antonio 3 - Mississippi 3
BOTTOM OF THE 5TH
Mississippi Braves batting - Pitching for San Antonio Missions : RHP Mike Stover
Batting: RHB Zheng-ze King 0-0: Called Strike
0-1: Swinging Strike
0-2: Reached on error, E6 (Groundball, 56, EV 88.1 MPH)
Batting: LHB Ricardo Sandoval 0-0: Called Strike
0-1: Ball
Zheng-ze King steals 2nd base
1-1: Ball
2-1: Ball
3-1: Foul Ball, location: 2F
3-2: Strikes out swinging
Batting: LHB Art D'Ascenzo 0-0: Ball
1-0: Reached on error, E4 (Groundball, 34, EV 88.8 MPH)
Zheng-ze King scores
Batting: RHB Luis Restrepo 0-0: Ball
1-0: DOUBLE (Line Drive, 78D, EV 109.4 MPH)
Art D'Ascenzo scores
Pitching: LHP Jeff Troxel
Batting: RHB Eddie McCoy 0-0: Foul Ball, location: 2F
0-1: SINGLE (Groundball, 56D, EV 107.5 MPH)
Luis Restrepo to third
Runner from 3rd tries for Home, SAFE, throw by LF to home
Batting: LHB Sal Fernandez 0-0: Ball
1-0: Called Strike
1-1: Called Strike
1-2: Strikes out swinging
Batting: RHB Hieronim Rutkowski 0-0: Foul Ball, location: 2F
0-1: Swinging Strike
0-2: Ball
1-2: Foul Ball, location: 2F
1-2: 2-RUN HOME RUN (Flyball, 7LD, EV 98.8 MPH), Distance : 359 ft
Batting: SHB Jose Melendez 0-0: SINGLE (Groundball, 4D, EV 94.4 MPH)
Batting: RHB Costantino Dolfini 0-0: Called Strike
0-1: Ball
Jose Melendez is caught stealing 2nd base 2-4
Bottom of the 5th over - 5 runs, 4 hits, 2 errors, 0 left on base; San Antonio 3 - Mississippi 8
TOP OF THE 6TH
San Antonio Missions batting - Pitching for Mississippi Braves : LHP Fred Kelly
Batting: RHB Caleb Russell 0-0: Ball
1-0: Called Strike
1-1: Fly out, F8 (Flyball, 8LM, EV 85.6 MPH)
Batting: LHB Pat Aviles 0-0: Foul Ball, location: 2F
0-1: Swinging Strike
0-2: Foul Ball, location: 2F
0-2: Ball
1-2: Strikes out swinging
Batting: RHB Jesse White 0-0: Ball
1-0: Called Strike
1-1: Foul Ball, location: 2F
1-2: Fly out, F6 (Flyball, 56D, EV 82.5 MPH)
Top of the 6th over - 0 runs, 0 hits, 0 errors, 0 left on base; San Antonio 3 - Mississippi 8
BOTTOM OF THE 6TH
Mississippi Braves batting - Pitching for San Antonio Missions : LHP Jeff Troxel
Batting: RHB Costantino Dolfini 0-0: Ball
1-0: Foul Ball, location: 2F
1-1: Swinging Strike
1-2: Foul Ball, location: 2F
1-2: Ball
2-2: Ground out 6-3 (Groundball, 6, EV 88.1 MPH)
Batting: RHB Zheng-ze King 0-0: Ball
1-0: Foul Ball, location: 2F
1-1: Foul Ball, location: 2F
1-2: Ball
2-2: Strikes out swinging
Batting: LHB Ricardo Sandoval 0-0: Ball
1-0: Ball
2-0: Ball
3-0: Base on Balls
Batting: LHB Art D'Ascenzo 0-0: Ball
Ricardo Sandoval is caught stealing 2nd base 2-6
Bottom of the 6th over - 0 runs, 0 hits, 0 errors, 0 left on base; San Antonio 3 - Mississippi 8
TOP OF THE 7TH
San Antonio Missions batting - Pitching for Mississippi Braves : LHP Fred Kelly
Batting: RHB Bryan Pitcher 0-0: Ball
1-0: Swinging Strike
1-1: Ball
2-1: Swinging Strike
2-2: Ball
3-2: Foul Ball, location: 2F
3-2: Strikes out looking
Batting: RHB Jaden Scott 0-0: Called Strike
0-1: Called Strike
0-2: Ball
1-2: Strikes out swinging
Batting: RHB Eric Erickson 0-0: Ball
1-0: Foul Ball, location: 2F
1-1: Foul Ball, location: 2F
1-2: Ball
2-2: Ground out U3 (Groundball, 34, EV 83.8 MPH)
Top of the 7th over - 0 runs, 0 hits, 0 errors, 0 left on base; San Antonio 3 - Mississippi 8
BOTTOM OF THE 7TH
Mississippi Braves batting - Pitching for San Antonio Missions : LHP Jeff Troxel
Batting: LHB Art D'Ascenzo 0-0: Called Strike
0-1: Called Strike
0-2: Ball
1-2: Foul Ball, location: 2F
1-2: Ball
2-2: SINGLE (Groundball, 4MD, EV 100.0 MPH)
Pitching: RHP Dave Quintero
Batting: RHB Luis Restrepo 0-0: Called Strike
Art D'Ascenzo steals 2nd, throwing error, E2
Art D'Ascenzo to third
0-1: Ball
1-1: Foul Ball, location: 2F
1-2: Ball
2-2: Fly out, F9 (Flyball, 9S, EV 91.9 MPH)
Batting: RHB Eddie McCoy 0-0: Called Strike
0-1: Ball
1-1: Foul Ball, location: 2F
1-2: Ground out 5-3 (Groundball, 56S, EV 78.1 MPH)
Art D'Ascenzo scores
Batting: LHB Sal Fernandez 0-0: Ball
1-0: Swinging Strike
1-1: Called Strike
1-2: Strikes out swinging
Bottom of the 7th over - 1 run, 1 hit, 1 error, 0 left on base; San Antonio 3 - Mississippi 9
TOP OF THE 8TH
San Antonio Missions batting - Pitching for Mississippi Braves : LHP Fred Kelly
Pitching: RHP Justin Collins
Batting: RHB Niek de Haan 0-0: Called Strike
0-1: Foul Ball, location: 2F
0-2: Strikes out looking
Batting: RHB Chase Briney 0-0: Ball
1-0: Called Strike
1-1: Swinging Strike
1-2: Ball
2-2: Foul Ball, location: 2F
2-2: Ball
3-2: Ground out 5-3 (Groundball, 5, EV 86.2 MPH)
Batting: RHB Eric Sandell 0-0: Ball
1-0: Ball
2-0: Ball
3-0: Base on Balls
Batting: RHB Caleb Russell 0-0: Foul Ball, location: 2F
0-1: Ball
1-1: Ball
2-1: Ball
3-1: Called Strike
3-2: Fly out, F6 (Line Drive, 6, EV 66.2 MPH)
Top of the 8th over - 0 runs, 0 hits, 0 errors, 1 left on base; San Antonio 3 - Mississippi 9
BOTTOM OF THE 8TH
Mississippi Braves batting - Pitching for San Antonio Missions : RHP Dave Quintero
Batting: RHB Hieronim Rutkowski 0-0: Ball
1-0: Ball
2-0: Ball
3-0: Base on Balls
Batting: SHB Jose Melendez 0-0: Called Strike
0-1: SINGLE (Groundball, 4MD, EV 96.9 MPH)
Hieronim Rutkowski to second
Runner from 2nd tries for 3rd, SAFE, throw by CF made to third
Batting: RHB Costantino Dolfini 0-0: Called Strike
0-1: Ball
1-1: Swinging Strike
1-2: Fly out, F8 (Flyball, 8LM, EV 86.2 MPH)
Runner from 3rd tags up, SCORES, throw by CF
Pitching: RHP Mike LaMonica
Pinch Hitting: RHB Paul Landes 0-0: Called Strike
0-1: Fly out, F7 (Flyball, 7, EV 75.0 MPH)
Pinch Hitting: LHB Fred Arends 0-0: Foul Ball, location: 2F
0-1: Foul Ball, location: 2F
0-2: Ball
1-2: Foul Ball, location: 2F
1-2: Ball
2-2: Foul Ball, location: 2F
2-2: Strikes out swinging
Bottom of the 8th over - 1 run, 1 hit, 0 errors, 1 left on base; San Antonio 3 - Mississippi 10
TOP OF THE 9TH
San Antonio Missions batting - Pitching for Mississippi Braves : RHP Justin Collins
Now at 3B: Paul Landes
Now in LF: Fred Arends
Batting: LHB Pat Aviles 0-0: Called Strike
0-1: Foul Ball, location: 2F
0-2: Ball
1-2: Strikes out swinging
Batting: RHB Jesse White 0-0: Ball
1-0: Fly out, F9 (Flyball, 9, EV 96.2 MPH)
Batting: RHB Bryan Pitcher 0-0: Ball
1-0: Called Strike
1-1: Swinging Strike
1-2: Ground out U3 (Groundball, 34S, EV 83.1 MPH)
Top of the 9th over - 0 runs, 0 hits, 0 errors, 0 left on base; San Antonio 3 - Mississippi 10
Sunday, July 16th , 2023 - OOTP Baseball 24.6 Build 69